 Dungeon Crawl Stone Soup version 0.25-a0-435-g4b9beb1024 (webtiles) character file.

Game seed: 10773570065924648973, levelgen mode: deterministic

15 Elellon the Conjurer (level 2, 0/15 HPs)
             Began as a Deep Elf Conjurer on Jan 27, 2020.
             Slain by an adder (2 damage)
             ... on level 2 of the Dungeon.
             The game lasted 00:00:57 (940 turns).

Elellon the Conjurer (Deep Elf Conjurer)             Turns: 940, Time: 00:00:57

Health: 0/15       AC:  2    Str:  5    XL:     2   Next: 34%
Magic:  1/8        EV: 12    Int: 19    God:
Gold:   74         SH:  6    Dex: 15    Spells: 7/8 levels left

rFire    . . .     SeeInvis .   h - +0 dagger
rCold    . . .     Gourm    .   g - +2 buckler
rNeg     . . .     Faith    .   a - +0 robe
rPois    .         Spirit   .   (no helmet)
rElec    .         Reflect  .   (no cloak)
rCorr    .         Harm     .   (no gloves)
MR       .....                  (no boots)
Stlth    ++........             (no amulet)
HPRegen  0.05/turn              (no ring)
MPRegen  0.11/turn              (no ring)

@: very slightly contaminated
A: no striking features
a: no special abilities


You were on level 2 of the Dungeon.
You were not hungry.

You visited 1 branch of the dungeon, and saw 2 of its levels.

You collected 74 gold pieces.

Inventory:

Hand Weapons
 h - a +0 dagger (weapon)
Armour
 a - a +0 robe (worn)
 g - a +2 buckler (worn)
Scrolls
 b - a scroll of remove curse {unknown}
 d - a scroll of enchant armour {unknown}
 i - a scroll of magic mapping {unknown}
 j - a scroll of enchant weapon {unknown}
 k - a scroll of blinking {unknown}
Potions
 e - a potion of curing {unknown}
Comestibles
 c - 3 rations


   Skills:
 - Level 2.4 Dodging
 - Level 2.4 Stealth
 + Level 0.6 Shields
 + Level 3.5 Spellcasting
 + Level 4.6 Conjurations


You had 7 spell levels left.
You knew the following spells:

 Your Spells              Type           Power        Failure   Level  Hunger
a - Magic Dart            Conj           ###.         3%          1    None

Your spell library contained the following spells:

 Spells                   Type           Power        Failure   Level  Hunger
 Searing Ray              Conj           ###...       4%          2    ##.....
 Dazzling Flash           Conj/Hex       ##....       26%         3    ###....
 Fulminant Prism          Conj/Hex       ##........   63%         4    ####...
 Iskenderun's Mystic Bla  Conj/Tloc      ##......     63%         4    ####...


Dungeon Overview and Level Annotations

Branches:
Dungeon (2/15)

Altars:

Annotations:
D:2 Sigmund


Message History

Aim: a worm (severely wounded)
The magic dart hits the worm.
The worm is severely wounded.
The worm barely misses you. The rat bites you but does no damage.
Casting: Magic Dart (safe; 3% risk of failure)
Confirm with . or Enter, or press ? or * to list all spells.
Aiming: Magic Dart (safe; 3% risk of failure)
Press: ? - help, Shift-Dir - straight line, f/p - worm
Aim: a worm (severely wounded)
The magic dart hits the worm.
The worm is almost dead.
The adder closely misses you. The hobgoblin barely misses you.
A kobold comes into view.
It is wielding a +1 short sword of electrocution.
The rat bites you. The adder bites you. The worm bites you.
The hobgoblin hits you but does no damage.
The rat bites you.
* * * LOW HITPOINT WARNING * * *
The adder bites you.
You die...

.. ≈..≈.=≈.. #.
≈...≈≈..≈ ##..
#....g..K
...##........
#..#........
...g.......
#.wS...$..
#.@r.....#
.......g.......
......#..#.$#..
...##...#..#..#
.. ...#..#.@#.
. ...#..#..#..
......#..#..#
#.............


You could see Sigmund, a worm, an adder, a hobgoblin, 2 goblins, a kobold and a
rat.

Vanquished Creatures
  2 leopard geckos (D:1)
  3 giant cockroaches (D:1)
  2 goblins (D:1)
  A hobgoblin (D:1)
  2 frilled lizards (D:1)
  2 rats (D:1)
12 creatures vanquished.

Notes
Turn   | Place    | Note
-------+----------+-------------------------------------------
     0 | D:1      | Elellon the Deep Elf Conjurer began the quest for the Orb.
     0 | D:1      | Reached XP level 1. HP: 10/10 MP: 6/6
   346 | D:1      | Reached XP level 2. HP: 15/15 MP: 1/8
   937 | D:2      | Noticed Sigmund
   940 | D:2      | Slain by an adder

Levels and vault maps discovered:
D:1:      dpeg_arrival_tiny_f, layout_basic, minmay_hexomino_p4
D:2:      cheibrodos_helix_gallery, layout_rooms, okawaru_gym_becter,
          lemuel_doored_altar, dk_noncrumbling_4, serial_bayou_pond_b,
          minmay_misc_feat_diagonals, minmay_fountain_box, uniq_jessica,
          uniq_sigmund

Action                   || total
-------------------------++-------
Melee: Unarmed           ||    12
 Cast: Magic Dart        ||    33
Armor: Robe              ||     4
Dodge: Dodged            ||    14
Block: Buckler           ||     5

Table legend:
 A = Non-vault XP
 B = Vault XP
 C = Vault XP percentage of total XP
 D = Non-vault monster count
 E = Vault monster count
 F = Vault count percentage of total count
                 A         B        C        D         E       F
            +---------+---------+-------+---------+---------+-------
      Total |      19 |       3 |  13.6 |      10 |       2 |  16.7
            +---------+---------+-------+---------+---------+-------
        D:1 |      19 |       3 |  13.6 |      10 |       2 |  16.7
            +---------+---------+-------+---------+---------+-------
